Map: Dusk Towers

Players

LilDicky

  • Race: Terran Terran
  • League: Diamond

Strygwyr - Winner!

  • Race: Zerg Zerg
  • League: Diamond

VOD

http://www.twitch.tv/tumescentpie

Description

Time

  • Played on: Dec. 5, 2015, 6:52 p.m.
  • Length: 5:01
Show
View Real Time Build Order
Export as new Build Order

LilDicky Terran 

Build Orders: MMM Bio 

Get SALT Encoding   

  12  0:01  SCV  
  13  0:13  SCV  
  14  0:17  Supply Depot  
  14  0:25  SCV  
  14  0:28  Refinery  
  15  0:39  SCV  
  16  0:45  Barracks  
  16  0:52  SCV  
  17  1:04  SCV  
  18  1:16  SCV  
  19  1:29  SCV  
  20  1:38  Barracks Tech Lab  
  20  1:41  Orbital Command  
  20  1:48  Command Center  
  20  1:58  Marine  
  20  1:59  Stimpack  
  21  2:06  Supply Depot  
  21  2:08  SCV  
  22  2:20  Marine  
  23  2:28  SCV, Barracks  
  24  2:34  Barracks  
  24  2:40  SCV, Marine  
  26  2:46  Supply Depot  
  26  2:52  SCV  
  27  3:01  Marine  
  27  3:04  SCV, Orbital Command  
  29  3:16  SCV  
  29  3:18  Factory  
  29  3:19  Barracks Tech Lab  
  30  3:21  Barracks Reactor  
  30  3:28  SCV  
  30  3:30  Refinery, Marine  
  30  3:32  SCV  
  33  3:37  Combat Shields  
  33  3:42  Marine  
  33  3:43  SCV  
  33  3:48  Marine  
  38  3:55  SCV  
  38  4:00  Marine  
  38  4:01  Marine  
  38  4:02  Factory Reactor, Marine  
  41  4:07  SCV  
  41  4:13  Marine  
  41  4:15  Starport  
  42  4:17  SCV, Marine  
  42  4:19  Marine  
  42  4:20  Marine  
  42  4:21  SCV  
  47  4:31  Marine  
  47  4:35  Command Center  
Show
View Real Time Build Order
Export as new Build Order

Strygwyr Zerg - Winner!

Build Orders: Hatch First, Ravager All-In 

Get SALT Encoding   

  12  0:01  Drone  
  13  0:08  Drone  
  14  0:17  Overlord  
  14  0:35  Drone x3  
  17  0:46  Drone  
  18  0:56  Hatchery  
  17  1:01  Extractor  
  16  1:12  Spawning Pool  
  16  1:14  Drone  
  16  1:18  Drone  
  17  1:21  Drone  
  18  1:29  Drone  
  19  1:40  Overlord  
  19  2:01  Zergling x4  
  20  2:02  Queen  
  20  2:06  Metabolic Boost  
  20  2:07  Queen  
  25  2:10  Drone  
  25  2:13  Zergling x2  
  27  2:24  Drone x2, Extractor  
  28  2:31  Drone  
  28  2:34  Drone  
  30  2:41  Drone  
  31  2:51  Roach Warren  
  30  2:54  Zergling x2  
  30  2:55  Overlord  
  31  3:02  Zergling x2  
  31  3:03  Zergling x2  
  33  3:15  Overlord  
  33  3:25  Zergling x4  
  35  3:31  Roach x2  
  35  3:32  Roach x2  
  35  3:34  Roach  
  45  3:38  Zergling x2  
  46  3:51  Zergling x4  
  48  3:57  Zergling x4  
  48  3:58  Zergling x4  
  48  4:01  Overlord  
  52  4:13  Overlord  
  52  4:21  Ravager x5  
  52  4:23  Zergling x4  
  59  4:29  Zergling x2  
Tags
 
Add a new tag
Caveats
  • Supply blocks, unpowered buildings, or Contaminate may cause inaccurate times.
  • Supply counts are checked every 10 seconds.